 Dungeon Crawl Stone Soup version 0.18.1-1-g2f07953 (webtiles) character file.

44 matheod the Magician (level 3, -2/19 HPs)
             Began as a Deep Elf Wizard on May 8, 2016.
             Slain by an adder (3 damage)
             ... on level 3 of the Dungeon.
             The game lasted 00:22:23 (1526 turns).

matheod the Magician (Deep Elf Wizard)              Turns: 1526, Time: 00:22:23

Health: -2/19      AC:  2    Str:  4    XL:     3   Next: 39%
Magic:  3/12       EV: 13    Int: 26    God:
Gold:   65         SH:  0    Dex: 13    Spells: 5 memorised, 3 levels left

rFire  . . .     SeeInvis .     (no weapon)
rCold  . . .     Gourm    .     a - +0 robe
rNeg   . . .     Faith    .     (no shield)
rPois  .         Spirit   .     b - +0 hat
rElec  .         Dismiss  .     (no cloak)
rCorr  .         Reflect  .     (no gloves)
SustAt .         Harm     .     (no boots)
MR     .....                    (no amulet)
Stlth  ++........               (no ring)
                                o - +3 ring of intelligence

@: lethally poisoned (-2 -> -7), not resistant to hostile enchantments,
unstealthy
A: no striking features
a: no special abilities


You were on level 3 of the Dungeon.
You were not hungry.

You visited 1 branch of the dungeon, and saw 4 of its levels.

You collected 65 gold pieces.

Inventory:

Hand Weapons
 i - a +1 dagger
Armour
 a - a +0 robe (worn)
 b - a +0 hat (worn)
 j - a +0 ring mail
 k - a +0 robe
 l - a +0 robe
 p - a +2 buckler
Jewellery
 o - a +3 ring of intelligence (left hand)
Scrolls
 f - 2 scrolls of identify
 g - a scroll of amnesia
 m - a scroll of enchant weapon
Potions
 e - a potion of ambrosia
Books
 c - a book of Minor Magic

   Spells                             Type                      Level
   a - Magic Dart                     Conjuration                  1
   b - Blink                          Translocation                2
   c - Call Imp                       Summoning                    2
   d - Repel Missiles                 Charms/Air                   2
   e - Slow                           Hexes                        2
   f - Conjure Flame                  Conjuration/Fire             3
   g - Mephitic Cloud                 Conjuration/Poison/Air       3
Comestibles
 d - 2 bread rations
 h - 4 chunks of flesh


   Skills:
 + Level 0.1 Fighting
 + Level 2.8 Dodging
 + Level 2.6 Stealth
 + Level 5.7 Spellcasting
 + Level 1.2 Conjurations
 + Level 1.1 Summonings
 + Level 1.2 Translocations


You had 3 spell levels left.
You knew the following spells:

 Your Spells              Type           Power        Failure   Level  Hunger
a - Magic Dart            Conj           ##..         4%          1    None
b - Blink                 Tloc           N/A          10%         2    None
c - Call Imp              Summ           ##......     10%         2    None
d - Slow                  Hex            #.......     14%         2    None
e - Conjure Flame         Conj/Fire      ##......     17%         3    #......


Dungeon Overview and Level Annotations

Branches:
Dungeon (4/15)
 Temple: D:4-7

Altars:


Message History

The adder bites you but does no damage.
The scorpion stings you but does no damage.
The adder barely misses you.
You see here a scroll labeled WIGUGHIHAT.
The adder bites you. The adder bites you.
There is a stone staircase leading up here.
You can't go down here!
The adder bites you.
* * * LOW HITPOINT WARNING * * *
You are lethally poisoned!
The adder poisons you!
You climb upwards.
A bat comes into view.
* * * LOW HITPOINT WARNING * * *
You feel sick.
Found 16 gold pieces.
Found an escape hatch in the floor.
There is a stone staircase leading down here.
The bat closely misses you. The adder bites you.
You die...

.>... .#
..... ##.
....##..
......######
#.........#
#.......$.#
#.........#
#..@b.....#
#...S.....#
#...........#
##..#.##.####
#.....# .#
........ ..
.......## #.
..####. .#


You could see an adder and a bat.

Vanquished Creatures
  An adder (D:2)
  An ooze (D:1)
  A dart slug (D:1)
  A giant cockroach (D:2)
  7 goblins
  2 hobgoblins
  2 jackals
  2 kobolds
  5 bats
  A giant newt (D:2)
  3 rats (D:1)
26 creatures vanquished.

Vanquished Creatures (collateral kills)
  A hobgoblin (D:1)
1 creature vanquished.

Grand Total: 27 creatures vanquished

Notes
Turn   | Place    | Note
--------------------------------------------------------------
     0 | D:1      | matheod the Deep Elf Wizard began the quest for the Orb.
     0 | D:1      | Reached XP level 1. HP: 10/10 MP: 7/7
   575 | D:1      | Reached XP level 2. HP: 15/15 MP: 5/9
   586 | D:1      | Learned a level 2 spell: Blink
   592 | D:1      | Learned a level 2 spell: Call Imp
   595 | D:1      | Learned a level 2 spell: Slow
   791 | D:1      | Reached skill level 5 in Spellcasting
  1269 | D:2      | Reached XP level 3. HP: 16/19 MP: 0/12
  1274 | D:2      | Learned a level 3 spell: Conjure Flame
  1503 | D:2      | You fall through a shaft for 2 floors!
  1509 | D:4      | Noticed a scorpion
  1526 | D:3      | Slain by an adder

Skill      XL: |  1  2 |
---------------+-------+-----
Spellcasting   | 5 |  5.7
Fighting       | |  0.1
Dodging        | |  2.8
Stealth        | |  2.6
Conjurations   | |  1.2
Summonings     | |  1.1
Translocations | |  1.2

Action                   || total
-------------------------++-------
Melee: Unarmed           ||    14
 Cast: Magic Dart        ||    70
       Call Imp          ||     3
       Blink             ||     2
       Conjure Flame     ||     3
  Use: Scroll            ||     5
       Potion            ||     2
  Eat: Chunk             ||     2
Armor: Robe              ||     8
Dodge: Dodged            ||    48
